 Dungeon Crawl Stone Soup version 0.32-a0-899-geb5ba95c15 (webtiles) character file.

Game seed: 6762481149636963832

10339 Kenran the Martial Artist (level 11, -8/94 HPs)
             Began as a Demigod Shapeshifter on Apr 5, 2024.
             Mangled by a cyclops (21 damage)
             ... on level 11 of the Dungeon.
             The game lasted 00:22:03 (10959 turns).

Kenran the Martial Artist (Demigod Shapeshifter)   Turns: 10959, Time: 00:22:03

Health: -8/94      AC:  8    Str: 23    XL:     11   Next: 13%
Magic:  14/14      EV: 15    Int: 11    God:
Gold:   540        SH:  0    Dex: 20    Spells: 10/10 levels left

rFire   . .          .
                       - Unarmed
rCold   . . .        (no shield)
rNeg    + . .        v - +0 swamp dragon scales
rPois   +            (helmet currently unavailable)
rElec   .            (cloak currently unavailable)
rCorr   .            (gloves currently unavailable)
SInv    .            (boots currently unavailable)
Will    ++...        (no amulet)
Stlth   +            a - ring of willpower
HPRegen 0.35/turn    p - ring of positive energy
MPRegen 0.14/turn

%: no passive effects
@: beast-form
A: beast (slay +4), high MP 1, forlorn, divine attributes, robust 1, strong 1
a: Begin Untransformation


You were on level 11 of the Dungeon.
You were a hulking beast.
You visited 1 branch of the dungeon, and saw 11 of its levels.
You also visited: Sewer.

You collected 540 gold pieces.

Inventory:

Missiles
 b - 27 poisoned darts (quivered)
 k - 3 throwing nets
Armour
 q - a +0 pair of boots
 v - +0 swamp dragon scales (worn)
 y - a +1 cloak of stealth
Jewellery
 a - a ring of willpower (left hand)
 j - a ring of fire
 p - a ring of positive energy (right hand)
 z - a ring of ice
Talismans
 c - a beast talisman (active)
 d - a flux talisman
 w - a blade talisman
Wands
 i - a wand of charming (4)
 m - a wand of roots (9)
 x - a wand of mindburst (10)
Scrolls
 f - 2 scrolls of teleportation
 h - a scroll of butterflies
 n - 2 scrolls of poison
 o - a scroll of revelation
 r - 2 scrolls of blinking
 s - 2 scrolls of enchant armour
 t - 2 scrolls of immolation {unknown}
 u - 2 scrolls of fog {unknown}
Potions
 g - a potion of curing {@q1}
 l - 3 potions of enlightenment
 A - 2 potions of cancellation


   Skills:
 - Level 5.0 Fighting
 - Level 3.1 Armour
 + Level 8.5 Dodging
 * Level 11.3 Unarmed Combat
 - Level 7.0 Shapeshifting


You had 10 spell levels left.
You didn't know any spells.
Your spell library contained the following spells:

 Spells                   Type           Power      Damage    Failure   Level
 Sting                    Conj/Alch      0%         1d3       50%         1
 Call Imp                 Summ           0%         N/A       63%         2
 Ensorcelled Hibernation  Hex/Ice        0%         N/A       63%         2
 Mercury Vapours          Alch/Air       0%         N/A       63%         2
 Sublimation of Blood     Necr           0%         N/A       63%         2
 Passwall                 Erth           0%         N/A       86%         3
 Swiftness                Air            0%         N/A       86%         3
 Tukima's Dance           Hex            0%         N/A       86%         3
 Volatile Blastmotes      Fire/Tloc      0%         2d10      86%         3
 Dimensional Bullseye     Hex/Tloc       0%         N/A       99%         4
 Fulminant Prism          Conj/Alch      0%         3d5       99%         4
 Iskenderun's Mystic Bla Conj/Tloc 0%             2d3        (+2d1     99%         4
 Olgreb's Toxic Radiance  Alch           0%         N/A       99%         4
 Petrify                  Alch/Erth      0%         N/A       99%         4
 Irradiate                Conj/Alch      0%         3d11      100%        5
 Summon Hydra             Summ           0%         N/A       100%        7


Dungeon Overview and Level Annotations

Branches:
Dungeon (11/15)            Temple (0/1) D:5            Lair (0/5) D:8
  Sewer (visited)
    Orc: D:9-12

Annotations:
D:5 Yiuf with great cloak!, Blork the orc, Crazy Yiuf


Innate Abilities, Weirdness & Mutations

You are a hulking beast.
Your limbs bulge with bestial killing power. (Slay +4)
You have an increased reservoir of magic. (+10% MP)
You shall have no god before yourself.
Your divine heritage dramatically boosts your attributes as you level up.
You are robust. (+10% HP)
Your muscles are strong. (Str +4, Int/Dex -1)


Message History

You barely miss the orc wizard.
The orc wizard is almost dead.
The orc wizard hits you but does no damage.
You hit the orc wizard.
You kill the orc wizard!
You hit the orc wizard.
The orc wizard is moderately wounded.
The wyvern barely misses you. The orc wizard closely misses you.
The wyvern bites you!
You punch the orc wizard!
You kill the orc wizard!
The wyvern closely misses you.
You pummel the wyvern!!
The wyvern is severely wounded.
The wyvern bites you!
You barely miss the wyvern.
The wyvern is severely wounded.
The wyvern bites you!
* * * LOW HITPOINT WARNING * * *
You feel much better. The wyvern misses you. x2
You barely miss the wyvern.
The wyvern is severely wounded.
The wyvern barely misses you.
You pummel the wyvern!!
You kill the wyvern!
The cyclops hits you!!
* * * LOW HITPOINT WARNING * * *
Items here: ) [ ††.
You completely miss the cyclops. The cyclops misses you.
You feel better. Something completely misses you.
You hit the cyclops but do no damage. You punch the cyclops!
The cyclops is lightly wounded.
Something hits you.
* * * LOW HITPOINT WARNING * * *
The cyclops hits you.
* * * LOW HITPOINT WARNING * * *
You feel better. Something hits you.
* * * LOW HITPOINT WARNING * * *
The cyclops hits you!!
You die...

..........<#
..#####(####
####.### #######
#......###.....#
#....#.........#
#....####......#
#....# ##.....#
#....# #..)..#
###... ##.h###
#... ##C..####
.... ###)...#
#....# ##...#
..... ...#...
...# .. ...# .


You could see a cyclops.

Vanquished Creatures
  Harold (D:9)
  A centaur warrior (D:10)
  Erica (D:9)
  A cyclops (D:11)
  Maurice (D:7)
  An elephant (D:8)
  Joseph (D:8)
  A gargoyle (D:10)
  Jeremiah (D:9)
  Maggie (D:6)
  Prince Ribbit (D:9)
  Grinder (D:4)
  2 vampires
  9 yaks
  2 wyverns
  2 basilisks
  Menkaure (D:6)
  4 vampire mosquitoes (D:10)
  3 acid dragons
  Duvessa (D:7)
  2 water moccasins
  2 black bears
  A sky beast (D:6)
  An ice beast (D:6)
  2 centaurs
  An ogre (D:4)
  4 kobold brigands
  2 bullfrogs
  3 scorpions
  3 wights (D:9)
  Dowan (D:7)
  3 killer bees (D:7)
  A jelly (D:7)
  2 bombardier beetles
  5 sleepcaps
  2 hounds
  5 orc priests
  2 iguanas (D:5)
  6 orc wizards
  An adder (D:4)
  8 gnolls
  3 river rats (Sewer)
  A shadow imp (D:7)
  A white imp (D:5)
  An ufetubus (D:6)
  3 ribbon worms
  2 dart slugs (D:2)
  30 orcs
  7 endoplasms
  3 giant cockroaches
  3 goblins
  3 hobgoblins
  8 jackals
  25 kobolds
  5 quokkas
  5 ball pythons
  3 bats
  6 frilled lizards
  10 rats
212 creatures vanquished.

Notes
Turn   | Place    | Note
-------+----------+-------------------------------------------
     0 | D:1      | Kenran the Demigod Shapeshifter began the quest for the
                  | Orb.
     0 | D:1      | Reached XP level 1. HP: 15/15 MP: 3/3
    78 | D:1      | Reached skill level 1 in Fighting
   261 | D:1      | Reached skill level 3 in Unarmed Combat
   300 | D:1      | Reached XP level 2. HP: 15/23 MP: 4/4
   869 | D:1      | Reached XP level 3. HP: 16/28 MP: 5/5
  1566 | D:2      | Reached XP level 4. HP: 35/35 MP: 6/6
  1854 | D:3      | Found a glowing drain.
  1873 | Sewer    | Entered a sewer
  1892 | Sewer    | Reached skill level 4 in Unarmed Combat
  1962 | Sewer    | Noticed a kobold brigand
  1988 | Sewer    | Killed a kobold brigand
  1989 | Sewer    | Reached XP level 5. HP: 12/40 MP: 7/7
  2428 | D:3      | Identified the +0 hand axe of Wrongful Imprisonment {drain,
                  | rF+ Int+2}
  2550 | D:4      | Noticed Grinder
  2584 | D:4      | Killed Grinder
  2585 | D:4      | Reached skill level 6 in Unarmed Combat
  2585 | D:4      | Reached XP level 6. HP: 27/47 MP: 8/8
  3360 | D:5      | Entered Level 5 of the Dungeon
  3372 | D:5      | Reached skill level 7 in Unarmed Combat
  3372 | D:5      | Reached XP level 7. HP: 52/52 MP: 9/9
  3808 | D:5      | Noticed Blork the orc
  3814 | D:5      | Gained mutation: Your muscles are strong. (Str +4, Int/Dex
                  | -1) [potion of mutation]
  3814 | D:5      | Gained mutation: You are robust. (+10% HP) [potion of
                  | mutation]
  3903 | D:5      | Reached skill level 8 in Unarmed Combat
  3978 | D:5      | Found a runed translucent door.
  3979 | D:5      | Noticed Crazy Yiuf
  4017 | D:5      | Found a staircase to the Ecumenical Temple.
  4145 | D:6      | Noticed Menkaure
  4149 | D:6      | Killed Menkaure
  4150 | D:6      | Reached skill level 1 in Armour
  4207 | D:6      | Reached XP level 8. HP: 23/67 MP: 10/10
  4627 | D:6      | Noticed Maggie
  4643 | D:6      | Killed Maggie
  5267 | D:7      | Reached skill level 9 in Unarmed Combat
  5392 | D:7      | Reached skill level 5 in Dodging
  5578 | D:7      | Noticed Duvessa
  5578 | D:7      | Noticed Dowan
  5600 | D:7      | Killed Duvessa
  5601 | D:7      | Reached XP level 9. HP: 53/75 MP: 11/11
  5605 | D:7      | Killed Dowan
  5847 | D:7      | Noticed Maurice
  5848 | D:7      | Maurice stole a flux talisman
  5852 | D:7      | Maurice stole a ring of fire
  5853 | D:7      | Maurice stole 23 poisoned darts
  5863 | D:7      | Something stole 85 gold
  5864 | D:7      | Killed Maurice
  5865 | D:7      | Reached skill level 10 in Unarmed Combat
  7120 | D:8      | Noticed Joseph
  7144 | D:8      | Noticed an elephant
  7151 | D:8      | Killed Joseph
  7156 | D:8      | Reached skill level 5 in Shapeshifting
  7171 | D:8      | Killed an elephant
  7439 | D:8      | Reached skill level 5 in Fighting
  7443 | D:8      | Reached XP level 10. HP: 76/89 MP: 13/13
  7646 | D:8      | Found a staircase to the Lair.
  7646 | D:8      | Noticed a death yak
  7846 | D:9      | Noticed Erica
  8378 | D:9      | Killed Erica
  8638 | D:9      | Noticed Prince Ribbit
  8659 | D:9      | Noticed Jeremiah
  8661 | D:9      | Killed Prince Ribbit
  8689 | D:9      | Killed Jeremiah
  8881 | D:9      | Noticed Harold
  9398 | D:9      | Killed Harold
  9594 | D:10     | Entered Level 10 of the Dungeon
  9951 | D:10     | Reached skill level 11 in Unarmed Combat
 10452 | D:10     | Reached XP level 11. HP: 94/94 MP: 14/14
 10558 | D:10     | Noticed a centaur warrior
 10568 | D:10     | Killed a centaur warrior
 10955 | D:11     | HP: 2/94 [cyclops (28)]
 10959 | D:11     | Mangled by a cyclops

Illustrated notes

Levels and vault maps discovered:
D:1:      dpeg_arrival_three_same_balls, layout_basic,
          shapermc_ecumenical_altar_mp_vishouse, kennysheep_crisscross
D:2:      layout_loops_ring, basic_altar
D:3:      layout_basic, grunt_gozag_breadcrumbs, portal_sewer_entry_f
D:4:      nicolae_cairo_tiling_very_big, layout_basic, lemuel_round_altar,
          uniq_grinder
D:5:      layout_cave_pools, nicolae_overflow_hidden_temple, temple_pool_b,
          gammafunk_ghost_nasty_kobolds, uniq_crazy_yiuf_cottage,
          uniq_blork_the_orc
D:6:      layout_basic, jmf_multi_god_temple, uniq_menkaure, uniq_maggie
D:7:      layout_loops_corners, serial_aquarium, aquarium_bridge_straight
          [aquarium_subvault_bridge, aquarium_subvault_window,
          aquarium_subvault_bridge, aquarium_subvault_window],
          aquarium_window_2, aquarium_window_fake, aquarium_window_fake,
          aquarium_view_2d, aquarium_balcony_5b, st_stairs_8,
          serial_library_hellmonk_long_bookcase, uniq_maurice, uniq_duvessa
D:8:      layout_rooms, david_lair_generic, uniq_joseph
D:9:      layout_gridville, general_overflow_altar,
          mainiacjoe_overflow_concentric_impassable, uniq_jeremiah, uniq_erica,
          uniq_prince_ribbit1, uniq_harold
D:10:     layout_basic, gammafunk_temple_overflow_elements
D:11:     layout_basic, nicolae_figureground_pulse, uniq_fannar, uniq_sonja

Skill      XL: |  1  2  3  4  5  6  7  8  9 10 11 |
---------------+----------------------------------+-----
Fighting       | 1 2 3 5 |  5.0
Unarmed Combat | 3 4 6 7 8 9 10 11 | 11.3
Shapeshifting  | 3 4 5 7 |  7.0
Dodging        | 2 5 6 8 |  8.5
Armour         | 1 2 3 |  3.1

Action                     |  1- 3 |  4- 6 |  7- 9 | 10-12 || total
---------------------------+-------+-------+-------+-------++-------
  Melee: Unarmed           |   112 |   180 |   340 |   205 ||   837
         Punch             |     4 |     3 |    19 |    18 ||    44
  Evoke: Wand              |       |       |     4 |     4 ||     8
    Use: Potion            |     1 |     6 |    10 |     6 ||    23
         Scroll            |       |     6 |     4 |     7 ||    17
   Stab: Sleeping          |     2 |       |       |       ||     2
         Fleeing           |       |       |     1 |       ||     1
 Armour: Animal skin       |    45 |       |       |       ||    45
         Ring mail         |     1 |    91 |    77 |       ||   169
         Skin              |       |    36 |    63 |       ||    99
         Swamp dragon scal |       |       |   107 |   123 ||   230
  Dodge: Dodged            |    51 |    88 |   127 |   117 ||   383

Table legend: (Time is in decaauts)
 A = Elapsed time spent in this place.
 B = Non-inter-level travel time spent in this place.
 C = Inter-level travel time spent in this place.
 D = Time resting spent in this place.
 E = Time spent auto-exploring this place.
 F = Levels seen in this place.
 G = Mean time per level.
                   A        B        C        D        E       F      G
               +--------+--------+--------+--------+--------+-----+--------+
         Total |  10887 |  10529 |    358 |   3817 |   4428 |  12 |  907.2 |
       Dungeon |  10582 |  10224 |    358 |   3737 |   4323 |  11 |  962.0 |
         Sewer |    304 |    304 |      0 |     80 |    104 |   1 |  304.0 |
               +--------+--------+--------+--------+--------+-----+--------+

Top non-repeatable levels by time:
     D:7: 1876 daAuts
     D:8: 1287 daAuts
    D:10: 1236 daAuts
     D:9: 1133 daAuts
     D:6: 1105 daAuts
     D:1: 865 daAuts
     D:4: 864 daAuts
     D:2: 822 daAuts
     D:5: 741 daAuts
     D:3: 537 daAuts
   Sewer: 304 daAuts
    D:11: 112 daAuts
